 Dungeon Crawl Stone Soup version 0.30-a0-782-ge64f9170bb (webtiles) character file.

Game seed: 14405714456079432141

4 Dirtsage the Insei (level 1, 0/16 HPs)
             Began as an Octopode Monk on Feb 26, 2023.
             Slain by a goblin
             ... wielding a +0 dagger
              (1 damage)
             ... on level 2 of the Dungeon.
             The game lasted 00:00:12 (74 turns).

Dirtsage the Insei (Octopode Monk)                    Turns: 74, Time: 00:00:13

Health: 0/16       AC:  1    Str: 10    XL:     1   Next: 60%
Magic:  1/1        EV: 14    Int: 12    God:
Gold:   12         SH:  0    Dex: 14    Spells: 0/0 levels left

rFire   . . .      SeeInvis .      - Unarmed
rCold   . . .      Faith    .    (no shield)
rNeg    . . .      Spirit   .    (helmet restricted)
rPois   .          Reflect  .    (no amulet)
rElec   .          Harm     .    (no ring)
rCorr   .          Rampage  .    (no ring)
Will    .....                    (no ring)
Stlth   +++                      (no ring)
HPRegen 0.22/turn                (no ring)
MPRegen 0.07/turn                (no ring)
                                 (no ring)
                                 (no ring)

@: no status effects
A: almost no armour, amphibious, 8 rings, camouflage 1, gelatinous body 1,
(nimble swimmer 1), tentacles
a: no special abilities


You were on level 2 of the Dungeon.
You visited 1 branch of the dungeon, and saw 2 of its levels.

You collected 12 gold pieces.

Inventory:

Potions
 a - 2 potions of ambrosia
 b - a potion of cancellation {unknown}


   Skills:
 - Level 3.0 Fighting
 - Level 3.0 Dodging
 - Level 2.6 Stealth
 + Level 3.3 Unarmed Combat


You couldn't memorise any spells.
You didn't know any spells.
Your spell library was empty.

Dungeon Overview and Level Annotations

Branches:
Dungeon (1/15)

Altars:


Innate Abilities, Weirdness & Mutations

You cannot wear most types of armour.
You are amphibious.
You can wear up to eight rings at the same time.
Your skin changes colour to match your surroundings (Stealth+).
Your rubbery body absorbs attacks. (AC +1, EV +1)
((You are camouflaged when in or above water. (Stealth+)))
You have tentacles for arms and can constrict up to eight enemies at once.


Message History

The worm is lightly wounded.
You constrict the worm. The worm bites you.
You take 6 damage, and have 10/16 hp.
MASSIVE DAMAGE!!
The ball python hisses angrily.
You tentacle-slap the worm but do no damage.
You squeeze the worm.
The worm is moderately wounded.
You constrict the worm, but do no damage.
You tentacle-slap the worm but do no damage.
You squeeze the worm.
The worm is heavily wounded.
You constrict the worm.
The goblin unwields a +0 dagger.
The goblin wields a +0 sling.
The goblin shoots a sling bullet.
The sling bullet barely misses you. The worm misses you.
You tentacle-slap the worm.
The worm is severely wounded.
You constrict the worm.
The goblin shoots a sling bullet.
The sling bullet hits you.
You take 5 damage, and have 6/16 hp.
MASSIVE DAMAGE!!
You tentacle-slap the worm.
You kill the worm!
The ball python misses you. The ball python grabs you.
The ball python constricts you.
The goblin shoots a sling bullet.
The sling bullet hits you.
* * * LOW HITPOINT WARNING * * *
You take 5 damage, and have 1/16 hp.
MASSIVE DAMAGE!!
You tentacle-slap the ball python.
You kill the ball python!
The goblin shoots a sling bullet.
The sling bullet misses you.
The goblin unwields a +0 sling.
The goblin wields a +0 dagger.
The goblin misses you.
You closely miss the goblin. You grab the goblin. You constrict the goblin.
A rat comes into view.
The goblin hits you with a +0 dagger.
* * * LOW HITPOINT WARNING * * *
You tentacle-slap the worm. You grab the worm.
The worm is lightly wounded.
You constrict the worm. You constrict the goblin.
The goblin hits you with a +0 dagger.
You die...

######### ..#
#.......# ...
#.......# ..
#..!....# .#
#.......#+#.###.
#....gw†........
+.....@....#### ##
#..$..........# ..
..#####+#r...#.##.#
#....#...[#
......#......#
(..#####......# ..
#......# .
#.......# #.###...#


You could see a worm, a goblin and a rat.

Vanquished Creatures
  A worm (D:2)
  A ball python (D:2)
2 creatures vanquished.

Notes
Turn   | Place    | Note
-------+----------+-------------------------------------------
     0 | D:1      | Dirtsage the Octopode Monk began the quest for the Orb.
     0 | D:1      | Reached XP level 1. HP: 16/16 MP: 1/1
    59 | D:1      | You fall into a shaft and drop 1 floor!
    74 | D:2      | Slain by a goblin

Illustrated notes

Levels and vault maps discovered:
D:1:      psy_arrival_basics, layout_rooms, chequers_ecumenical_altar_island
D:2:      layout_basic

Action                     || total
---------------------------++-------
  Melee: Unarmed           ||     8
         Constrict         ||     3
         Tentacles         ||     3
  Dodge: Dodged            ||     5

Table legend: (Time is in decaauts)
 A = Elapsed time spent in this place.
 B = Non-inter-level travel time spent in this place.
 C = Inter-level travel time spent in this place.
 D = Time resting spent in this place.
 E = Time spent auto-exploring this place.
 F = Levels seen in this place.
 G = Mean time per level.
                   A        B        C        D        E       F      G
               +--------+--------+--------+--------+--------+-----+--------+
         Total |     73 |     73 |      0 |      0 |     56 |   2 |   36.5 |
       Dungeon |     73 |     73 |      0 |      0 |     56 |   2 |   36.5 |
               +--------+--------+--------+--------+--------+-----+--------+

Top non-repeatable levels by time:
     D:1: 59 daAuts
     D:2: 14 daAuts
